 Dungeon Crawl Stone Soup version 0.29-a0-25-g7f48f510a0 (webtiles) character file.

Game seed: 7446172202914011870

14 bkjjbf the Sneak (level 2, -5/13 HPs)
             Began as a Spriggan Enchanter on Jan 31, 2022.
             Slain by a worm (7 damage)
             ... on level 2 of the Dungeon.
             The game lasted 00:01:52 (965 turns).

bkjjbf the Sneak (Spriggan Enchanter)                Turns: 965, Time: 00:01:53

Health: -5/13      AC:  3    Str:  4    XL:     2   Next: 31%
Magic:  4/7        EV: 17    Int: 16    God:
Gold:   19         SH:  0    Dex: 15    Spells: 5/7 levels left

rFire   . . .      SeeInvis +   a - +1 dagger
rCold   . . .      Faith    .   (no shield)
rNeg    . . .      Spirit   .   b - +1 robe
rPois   .          Reflect  .   (helmet restricted)
rElec   .          Harm     .   (no cloak)
rCorr   .          Rampage  .   (gloves unavailable)
Will    .....                   (boots unavailable)
Stlth   +++.......              (no amulet)
HPRegen 0.04/turn               (no ring)
MPRegen 0.10/turn               (no ring)

@: very quick
A: very small, no large weapons, unfitting armour, see invisible, speed 3
a: no special abilities


You were on level 2 of the Dungeon.
You visited 1 branch of the dungeon, and saw 2 of its levels.

You collected 19 gold pieces.

Inventory:

Hand Weapons
 a - a +1 dagger (weapon)
Missiles
 i - 5 poisoned darts (quivered)
Armour
 b - a +1 robe (worn)
Jewellery
 h - a ring of fire
Scrolls
 d - a scroll of identify
Potions
 c - a potion of invisibility
 g - a potion of ambrosia


   Skills:
 - Level 1.1 Short Blades
 - Level 2.6 Dodging
 - Level 4.4 Stealth
 + Level 3.3 Spellcasting
 + Level 4.1 Hexes


You had 5 spell levels left.
You knew the following spells:

 Your Spells              Type           Power      Damage    Failure   Level
a - Ensorcelled Hibernat  Hex/Ice        18%        N/A       12%         2

Your spell library contained the following spells:

 Spells                   Type           Power      Damage    Failure   Level
 Confusing Touch          Hex            15%        N/A       10%         3
 Tukima's Dance           Hex            15%        N/A       10%         3
 Dazzling Flash           Conj/Hex       18%        N/A       24%         3


Dungeon Overview and Level Annotations

Branches:
Dungeon (2/15)

Altars:


Innate Abilities, Weirdness & Mutations

You are very small and have problems with some larger weapons.
You are too small for most types of armour.
You have supernaturally acute eyesight. (SInv)
You cover ground extremely quickly. (Speed+++)


Message History

You puncture the worm!
The worm is almost dead.
The worm closely misses you.
You hit the worm.
The worm is almost dead.
You hit the worm but do no damage.
The worm is almost dead.
The worm closely misses you.
You hit the worm but do no damage.
The worm is almost dead.
The worm closely misses you.
You barely miss the worm.
The worm is severely wounded.
You hit the worm but do no damage.
The worm is severely wounded.
The worm closely misses you.
You hit the worm but do no damage.
The worm is severely wounded.
You hit the worm.
The worm is severely wounded.
The worm closely misses you.
You hit the worm.
The worm is severely wounded.
You hit the worm but do no damage.
The worm is severely wounded.
The worm bites you!
Ouch! That really hurt!
* * * LOW HITPOINT WARNING * * *
You are too injured to fight recklessly!
You are too injured to fight recklessly!
You are too injured to fight recklessly!
You are too injured to fight recklessly!
You are too injured to fight recklessly!
You hit the worm.
The worm is severely wounded.
You barely miss the worm.
The worm is severely wounded.
The worm bites you!
Ouch! That really hurt!
You die...

#..#####. ###
##.###...#..... ..#
#.. ...#.....#. #.#
#..##.###...## #.#
#..#...#..#..# #.#
#..#.........
##.##########..#.....#
.#.#...........#.....#
.#.#.#.#######.w@..#.#
....###.# ###.....#
>..#.#.## #####.#
####..## #.# #..# #..#
#.# ..# #..# #.# #.#
#..# #.# #.#### #..#
#.# #....# ####[.#
########.######....#


You could see a worm.

Vanquished Creatures
  An adder skeleton (D:2)
  An endoplasm (D:2)
  2 giant cockroaches (D:2)
  A goblin (D:2)
  A hobgoblin (D:2)
  A quokka (D:2)
  A frilled lizard (D:2)
  2 kobolds
  A rat (D:2)
11 creatures vanquished.

Notes
Turn   | Place    | Note
-------+----------+-------------------------------------------
     0 | D:1      | bkjjbf the Spriggan Enchanter began the quest for the Orb.
     0 | D:1      | Reached XP level 1. HP: 9/9 MP: 5/5
   601 | D:2      | Reached XP level 2. HP: 7/13 MP: 7/7
   608 | D:2      | Learned a level 2 spell: Ensorcelled Hibernation
   922 | D:1      | You fall into a shaft and drop 1 floor!
   965 | D:2      | Slain by a worm

Illustrated notes

Levels and vault maps discovered:
D:1:      dpeg_arrival_arbitrary_b, layout_rooms
D:2:      layout_loops_ring, hangedman_decor_push, serial_bayou_pond_a,
          grunt_ministairs_8, minmay_strange_pillars, minivault_24,
          grunt_decor_cap

Skill      XL: |  1 |
---------------+----+-----
Spellcasting   | 3 |  3.3
Hexes          | 4 |  4.1
Short Blades   | |  1.1
Dodging        | |  2.6
Stealth        | |  4.4

Action                   || total
-------------------------++-------
Melee: Dagger            ||    65
       Punch             ||     1
 Cast: Ensorcelled Hiber ||     2
  Use: Scroll            ||     3
 Stab: Sleeping          ||     3
Armor: Robe              ||     5
Dodge: Dodged            ||    43

Table legend: (Time is in decaauts)
 A = Elapsed time spent in this place.
 B = Non-inter-level travel time spent in this place.
 C = Inter-level travel time spent in this place.
 D = Time resting spent in this place.
 E = Time spent auto-exploring this place.
 F = Levels seen in this place.
 G = Mean time per level.
                   A        B        C        D        E       F      G
               +--------+--------+--------+--------+--------+-----+--------+
         Total |    830 |    830 |      0 |    149 |    524 |   2 |  415.0 |
       Dungeon |    830 |    830 |      0 |    149 |    524 |   2 |  415.0 |
               +--------+--------+--------+--------+--------+-----+--------+

Top non-repeatable levels by time:
     D:2: 780 daAuts
     D:1: 49 daAuts
